| TOP OF THE 1ST |
|
Calgary Flames batting - Pitching for Joplin Blasters : RHP Brian Hunt
|
|
Pitching: RHP Brian Hunt
|
|
|
Batting: RHB Alex Collazo
|
0-0: Foul Ball, location: 2F 0-1: Fly out, F4 (Line Drive, 4, EV 70.0 MPH)
|
|
Batting: RHB Yuusei Narita
|
0-0: Ball 1-0: Called Strike 1-1: SINGLE (Groundball, 34D, EV 95.0 MPH)
|
|
Batting: RHB Kevin Davis
|
0-0: Ball 1-0: Called Strike 1-1: Foul Ball, location: 2F 1-2: Ball 2-2: Foul Ball, location: 2F 2-2: Foul Ball, location: 2F 2-2: Foul Ball, location: 2F 2-2: Ball 3-2: Base on Balls Yuusei Narita to second
|
|
Batting: LHB Dean Luttman
|
0-0: Called Strike 0-1: Grounds out, U3 (Groundball, 3L, EV 85.0 MPH) Yuusei Narita to third
|
|
Batting: RHB Victor Contreras
|
0-0: Ball 1-0: TRIPLE (Flyball, 9LD, EV 99.4 MPH) Yuusei Narita scores Kevin Davis scores
|
|
Pitching: RHP Omar Flores
|
|
|
Batting: LHB Justin Daley
|
0-0: SINGLE (Flyball, 78S, EV 91.2 MPH) Victor Contreras scores
|
|
Batting: SHB Erick Hamburger
|
0-0: Ball 1-0: Called Strike 1-1: Ball 2-1: Ball 3-1: Base on Balls Justin Daley to second
|
|
Batting: SHB Shawnie Codbucket
|
0-0: Called Strike 0-1: Ball 1-1: Ball 2-1: Called Strike 2-2: Fly out, F8 (Flyball, 78S, EV 90.6 MPH)
|
| Top of the 1st over - 3 runs, 3 hits, 0 errors, 2 left on base; Calgary 3 - Joplin 0 |
| BOTTOM OF THE 1ST |
|
Joplin Blasters batting - Pitching for Calgary Flames : RHP Brice MacKenzie
|
|
Pitching: RHP Brice MacKenzie
|
|
|
Batting: RHB Kazuki Arai
|
0-0: Foul Ball, location: 2F 0-1: Foul Ball, location: 2F 0-2: Foul Ball, location: 2F 0-2: Ball 1-2: Fly out, F9 (Flyball, 9, EV 86.2 MPH)
|
|
Batting: RHB Mike Bearden
|
0-0: Foul Ball, location: 2F 0-1: Ball 1-1: Swinging Strike 1-2: Foul Ball, location: 2F 1-2: Ball 2-2: Ball 3-2: Foul Ball, location: 2F 3-2: Ground out 6-3 (Groundball, 6, EV 90.0 MPH)
|
|
Batting: RHB Mike Valdez
|
0-0: Called Strike 0-1: Ball 1-1: Ball 2-1: Ball 3-1: Foul Ball, location: 2F 3-2: Fly out, F8 (Flyball, 8LD, EV 105.6 MPH)
|
| Bottom of the 1st over - 0 runs, 0 hits, 0 errors, 0 left on base; Calgary 3 - Joplin 0 |
| TOP OF THE 2ND |
|
Calgary Flames batting - Pitching for Joplin Blasters : RHP Omar Flores
|
|
Batting: RHB Hugo Montemayor
|
0-0: Ball 1-0: Swinging Strike 1-1: Swinging Strike 1-2: Foul Ball, location: 2F 1-2: Foul Ball, location: 2F 1-2: Ground out 1-3 (Groundball, 13S, EV 63.1 MPH)
|
|
Batting: RHB Alex Collazo
|
0-0: Ball 1-0: Ball 2-0: Ball 3-0: Base on Balls
|
|
Pitching: RHP Oscar Cisneros
|
|
|
Batting: RHB Yuusei Narita
|
0-0: Ball Alex Collazo is caught stealing 2nd base 2-4 1-0: Ball 2-0: SINGLE (Groundball, 25, EV 73.8 MPH) (infield hit)
|
|
Batting: RHB Kevin Davis
|
0-0: SINGLE (Groundball, 56, EV 103.8 MPH) Yuusei Narita to second
|
|
Batting: LHB Dean Luttman
|
0-0: Ball 1-0: Called Strike 1-1: Swinging Strike 1-2: Ball 2-2: Ball 3-2: Foul Ball, location: 2F 3-2: Base on Balls Yuusei Narita to third Kevin Davis to second
|
|
Batting: RHB Victor Contreras
|
0-0: Called Strike 0-1: Called Strike 0-2: Ball 1-2: Strikes out swinging
|
| Top of the 2nd over - 0 runs, 2 hits, 0 errors, 3 left on base; Calgary 3 - Joplin 0 |
| BOTTOM OF THE 2ND |
|
Joplin Blasters batting - Pitching for Calgary Flames : RHP Brice MacKenzie
|
|
Batting: LHB Jim Haggart
|
0-0: Called Strike 0-1: Called Strike 0-2: Fly out, F9 (Line Drive, 9S, EV 90.6 MPH)
|
|
Batting: RHB Paul Gibbens
|
0-0: Ball 1-0: Called Strike 1-1: Ball 2-1: DOUBLE (Line Drive, 78D, EV 98.8 MPH)
|
|
Batting: RHB Ben Mills
|
0-0: Fly out, F7 (Line Drive, 78M, EV 108.1 MPH)
|
|
Batting: RHB Itsuki Eguchi
|
0-0: Ball 1-0: Ground out 6-3 (Groundball, 56, EV 91.2 MPH)
|
| Bottom of the 2nd over - 0 runs, 1 hit, 0 errors, 1 left on base; Calgary 3 - Joplin 0 |
| TOP OF THE 3RD |
|
Calgary Flames batting - Pitching for Joplin Blasters : RHP Oscar Cisneros
|
|
Batting: LHB Justin Daley
|
0-0: Fly out, F9 (Flyball, 9LM, EV 89.4 MPH)
|
|
Batting: SHB Erick Hamburger
|
0-0: Fly out, F8 (Line Drive, 8LD, EV 89.4 MPH)
|
|
Batting: SHB Shawnie Codbucket
|
0-0: Ball 1-0: Foul Ball, location: 2F 1-1: Swinging Strike 1-2: Strikes out swinging
|
| Top of the 3rd over - 0 runs, 0 hits, 0 errors, 0 left on base; Calgary 3 - Joplin 0 |
| BOTTOM OF THE 3RD |
|
Joplin Blasters batting - Pitching for Calgary Flames : RHP Brice MacKenzie
|
|
Batting: RHB Bobby Leon
|
0-0: SINGLE (Groundball, 6MD, EV 101.9 MPH) (infield hit)
|
|
Batting: RHB Carlos Castillo
|
0-0: Ball 1-0: Called Strike 1-1: Called Strike 1-2: Ball 2-2: Ball 3-2: Strikes out looking
|
|
Batting: RHB Kazuki Arai
|
0-0: Swinging Strike 0-1: Foul Ball, location: 2F 0-2: Strikes out swinging
|
|
Batting: RHB Mike Bearden
|
0-0: Ball 1-0: SINGLE (Line Drive, 56D, EV 98.8 MPH) Bobby Leon to second
|
|
Batting: RHB Mike Valdez
|
0-0: Ball 1-0: Ball 2-0: Called Strike 2-1: Ground out 5-3 (Groundball, 56, EV 106.9 MPH)
|
| Bottom of the 3rd over - 0 runs, 2 hits, 0 errors, 2 left on base; Calgary 3 - Joplin 0 |
| TOP OF THE 4TH |
|
Calgary Flames batting - Pitching for Joplin Blasters : RHP Oscar Cisneros
|
|
Pitching: RHP Joey Ferguson
|
|
|
Batting: RHB Hugo Montemayor
|
0-0: Called Strike 0-1: Ball 1-1: Ball 2-1: Foul Ball, location: 2F 2-2: Strikes out swinging
|
|
Batting: RHB Alex Collazo
|
0-0: Called Strike 0-1: Ball 1-1: Ground out 6-3 (Groundball, 6, EV 91.9 MPH)
|
|
Batting: RHB Yuusei Narita
|
0-0: Called Strike 0-1: Ball 1-1: Ball 2-1: Foul Ball, location: 2F 2-2: Ball 3-2: Strikes out looking
|
| Top of the 4th over - 0 runs, 0 hits, 0 errors, 0 left on base; Calgary 3 - Joplin 0 |
| BOTTOM OF THE 4TH |
|
Joplin Blasters batting - Pitching for Calgary Flames : RHP Brice MacKenzie
|
|
Batting: LHB Jim Haggart
|
0-0: Ball 1-0: Foul Ball, location: 2F 1-1: Fly out, F6 (Popup, P, EV 90.0 MPH)
|
|
Batting: RHB Paul Gibbens
|
0-0: Called Strike 0-1: Foul Ball, location: 2F 0-2: Foul Ball, location: 2F 0-2: Strikes out swinging
|
|
Batting: RHB Ben Mills
|
0-0: Ball 1-0: Called Strike 1-1: Swinging Strike 1-2: Strikes out looking
|
| Bottom of the 4th over - 0 runs, 0 hits, 0 errors, 0 left on base; Calgary 3 - Joplin 0 |
| TOP OF THE 5TH |
|
Calgary Flames batting - Pitching for Joplin Blasters : RHP Joey Ferguson
|
|
Batting: RHB Kevin Davis
|
0-0: SINGLE (Groundball, 34D, EV 96.9 MPH)
|
|
Batting: LHB Dean Luttman
|
0-0: Ball 1-0: Called Strike 1-1: Ball 2-1: 2-RUN HOME RUN (Flyball, 9D, EV 100.0 MPH), Distance : 390 ft
|
|
Pitching: LHP Tristan Irwin
|
|
|
Batting: RHB Victor Contreras
|
0-0: Swinging Strike 0-1: Foul Ball, location: 2F 0-2: SINGLE (Line Drive, 8RS, EV 99.4 MPH)
|
|
Batting: LHB Justin Daley
|
0-0: Called Strike 0-1: Ball Passed Ball! Victor Contreras to second 1-1: Ball 2-1: Foul Ball, location: 2F 2-2: Foul Ball, location: 2F 2-2: Ball 3-2: Base on Balls
|
|
Batting: SHB Erick Hamburger
|
0-0: Called Strike 0-1: Ball 1-1: Ball 2-1: Foul Ball, location: 2F 2-2: Foul Ball, location: 2F 2-2: Ball 3-2: Base on Balls Victor Contreras to third Justin Daley to second
|
|
Batting: SHB Shawnie Codbucket
|
0-0: Foul Ball, location: 2F 0-1: Ball 1-1: Foul Ball, location: 2F 1-2: Strikes out swinging
|
|
Pitching: RHP Victor Maravilla
|
|
|
Batting: RHB Hugo Montemayor
|
0-0: Ball 1-0: Reached on error, E4 (Groundball, 4, EV 85.6 MPH) Victor Contreras scores Justin Daley to third Erick Hamburger to second
|
|
Batting: RHB Alex Collazo
|
0-0: Swinging Strike 0-1: Ball 1-1: Ball 2-1: SINGLE (Flyball, 3D, EV 96.2 MPH) Justin Daley scores Erick Hamburger to third Hugo Montemayor to second
|
|
Batting: RHB Yuusei Narita
|
0-0: Called Strike 0-1: Ball Passed Ball! Erick Hamburger scores Hugo Montemayor to third Alex Collazo to second 1-1: Foul Ball, location: 2F 1-2: Foul Ball, location: 2F 1-2: Ball 2-2: Strikes out swinging
|
|
Batting: RHB Kevin Davis
|
0-0: Swinging Strike 0-1: Foul Ball, location: 2F 0-2: 3-RUN HOME RUN (Flyball, 9D, EV 103.8 MPH), Distance : 398 ft
|
|
Batting: LHB Dean Luttman
|
0-0: Swinging Strike 0-1: Foul Ball, location: 2F 0-2: Ball 1-2: Strikes out looking
|
| Top of the 5th over - 8 runs, 5 hits, 1 error, 0 left on base; Calgary 11 - Joplin 0 |
| BOTTOM OF THE 5TH |
|
Joplin Blasters batting - Pitching for Calgary Flames : RHP Brice MacKenzie
|
|
Batting: RHB Itsuki Eguchi
|
0-0: Ball 1-0: Foul Ball, location: 2F 1-1: Ground out U3 (Groundball, 34, EV 100.6 MPH)
|
|
Batting: RHB Bobby Leon
|
0-0: Called Strike 0-1: SINGLE (Line Drive, 89S, EV 97.5 MPH)
|
|
Batting: RHB Carlos Castillo
|
0-0: Ball 1-0: Grounds into double play, 6-4-3 (Groundball, 6, EV 91.2 MPH)
|
| Bottom of the 5th over - 0 runs, 1 hit, 0 errors, 0 left on base; Calgary 11 - Joplin 0 |
| TOP OF THE 6TH |
|
Calgary Flames batting - Pitching for Joplin Blasters : RHP Victor Maravilla
|
|
Pitching: RHP Jerry Yusko
|
|
|
Batting: RHB Victor Contreras
|
0-0: SINGLE (Flyball, 4MD, EV 92.5 MPH)
|
|
Batting: LHB Justin Daley
|
0-0: Reached on error, E5 (Groundball, 5, EV 89.4 MPH) Victor Contreras to second
|
|
Batting: SHB Erick Hamburger
|
0-0: Foul Ball, location: 2F 0-1: Swinging Strike 0-2: Ball 1-2: Ball 2-2: Strikes out swinging
|
|
Batting: SHB Shawnie Codbucket
|
0-0: Ball 1-0: Ball 2-0: Swinging Strike 2-1: Ball 3-1: Foul Ball, location: 2F 3-2: Strikes out swinging
|
|
Batting: RHB Hugo Montemayor
|
0-0: Called Strike 0-1: Swinging Strike 0-2: Ball 1-2: Strikes out looking
|
| Top of the 6th over - 0 runs, 1 hit, 1 error, 2 left on base; Calgary 11 - Joplin 0 |
| BOTTOM OF THE 6TH |
|
Joplin Blasters batting - Pitching for Calgary Flames : RHP Brice MacKenzie
|
|
Batting: RHB Kazuki Arai
|
0-0: Ball 1-0: Ball 2-0: Called Strike 2-1: Foul Ball, location: 2F 2-2: Ball 3-2: Fly out, F8 (Flyball, 8RD, EV 106.9 MPH)
|
|
Batting: RHB Mike Bearden
|
0-0: Ground out 6-3 (Groundball, 6, EV 80.6 MPH)
|
|
Batting: RHB Mike Valdez
|
0-0: Ball 1-0: Ground out 6-3 (Groundball, 6M, EV 88.1 MPH)
|
| Bottom of the 6th over - 0 runs, 0 hits, 0 errors, 0 left on base; Calgary 11 - Joplin 0 |
| TOP OF THE 7TH |
|
Calgary Flames batting - Pitching for Joplin Blasters : RHP Jerry Yusko
|
|
Batting: RHB Alex Collazo
|
0-0: Ball 1-0: Ball 2-0: Called Strike 2-1: Swinging Strike 2-2: Ball 3-2: Foul Ball, location: 2F 3-2: DOUBLE (Groundball, 5L, EV 98.8 MPH)
|
|
Pitching: LHP Bin Ya
|
|
|
Batting: RHB Yuusei Narita
|
0-0: Called Strike 0-1: Swinging Strike 0-2: Strikes out swinging
|
|
Batting: RHB Kevin Davis
|
0-0: Called Strike 0-1: Called Strike 0-2: Ball 1-2: Ball 2-2: Ball 3-2: Foul Ball, location: 2F 3-2: Strikes out swinging
|
|
Pinch Hitting: RHB Antonio Martinez
|
0-0: SINGLE (Groundball, P, EV 89.4 MPH) (infield hit) Alex Collazo to third
|
|
Batting: RHB Victor Contreras
|
0-0: 3-RUN HOME RUN (Flyball, 78XD, EV 106.2 MPH), Distance : 424 ft
|
|
Batting: LHB Justin Daley
|
0-0: Called Strike 0-1: Ball 1-1: Foul Ball, location: 2F 1-2: Foul Ball, location: 2F 1-2: Strikes out swinging
|
| Top of the 7th over - 3 runs, 3 hits, 0 errors, 0 left on base; Calgary 14 - Joplin 0 |
| BOTTOM OF THE 7TH |
|
Joplin Blasters batting - Pitching for Calgary Flames : RHP Brice MacKenzie
|
|
Now in CF: Alex Collazo
|
|
|
Now in RF: Antonio Martinez
|
|
|
Batting: LHB Jim Haggart
|
0-0: Ball 1-0: Foul Ball, location: 2F 1-1: Swinging Strike 1-2: Foul Ball, location: 2F 1-2: SINGLE (Groundball, 6S, EV 63.1 MPH) (infield hit)
|
|
Batting: RHB Paul Gibbens
|
0-0: Hit by Pitch Jim Haggart to second
|
|
Batting: RHB Ben Mills
|
0-0: Reached on error, E1 (Groundball, P, EV 43.8 MPH) Jim Haggart to third Paul Gibbens to second
|
|
Batting: RHB Itsuki Eguchi
|
0-0: Swinging Strike 0-1: Foul Ball, location: 2F 0-2: Ball 1-2: Ball 2-2: Strikes out swinging
|
|
Batting: RHB Bobby Leon
|
0-0: Ball 1-0: Ball 2-0: Fly out, F8 (Flyball, 78M, EV 79.4 MPH) Runner from 3rd tags up, SCORES, throw by CF
|
|
Batting: RHB Carlos Castillo
|
0-0: Fielders Choice at 2nd, 6-4 (Groundball, 6, EV 105.0 MPH)
|
| Bottom of the 7th over - 1 run, 1 hit, 1 error, 2 left on base; Calgary 14 - Joplin 1 |
| TOP OF THE 8TH |
|
Calgary Flames batting - Pitching for Joplin Blasters : LHP Bin Ya
|
|
Batting: SHB Erick Hamburger
|
0-0: Ball 1-0: Ball 2-0: Fly out, F8 (Line Drive, 8RM, EV 94.4 MPH)
|
|
Batting: SHB Shawnie Codbucket
|
0-0: Foul Ball, location: 2F 0-1: Foul Ball, location: 2F 0-2: Strikes out looking
|
|
Batting: RHB Hugo Montemayor
|
0-0: Called Strike 0-1: Called Strike 0-2: Ball 1-2: Strikes out swinging
|
| Top of the 8th over - 0 runs, 0 hits, 0 errors, 0 left on base; Calgary 14 - Joplin 1 |
| BOTTOM OF THE 8TH |
|
Joplin Blasters batting - Pitching for Calgary Flames : RHP Brice MacKenzie
|
|
Batting: RHB Kazuki Arai
|
0-0: Ball 1-0: Foul Ball, location: 2F 1-1: Ball 2-1: Foul Ball, location: 2F 2-2: Foul Ball, location: 2F 2-2: Foul Ball, location: 2F 2-2: Ball 3-2: Base on Balls
|
|
Batting: RHB Mike Bearden
|
0-0: Ball 1-0: Foul Ball, location: 2F 1-1: Foul Ball, location: 2F 1-2: Fly out, F9 (Flyball, 9LM, EV 92.5 MPH)
|
|
Pitching: LHP Ricardo de la Torre
|
|
|
Batting: RHB Mike Valdez
|
0-0: Foul Ball, location: 2F 0-1: Swinging Strike 0-2: Foul Ball, location: 2F 0-2: Ball 1-2: Strikes out swinging
|
|
Batting: LHB Jim Haggart
|
0-0: Foul Ball, location: 2F 0-1: Swinging Strike 0-2: Strikes out swinging
|
| Bottom of the 8th over - 0 runs, 0 hits, 0 errors, 1 left on base; Calgary 14 - Joplin 1 |
| TOP OF THE 9TH |
|
Calgary Flames batting - Pitching for Joplin Blasters : LHP Bin Ya
|
|
Batting: RHB Alex Collazo
|
0-0: Swinging Strike 0-1: Called Strike 0-2: Strikes out swinging
|
|
Batting: RHB Yuusei Narita
|
0-0: Ball 1-0: Foul Ball, location: 2F 1-1: Swinging Strike 1-2: SINGLE (Flyball, 5D, EV 92.5 MPH)
|
|
Batting: RHB Kevin Davis
|
0-0: Ball 1-0: Called Strike 1-1: Ball 2-1: Foul Ball, location: 2F 2-2: Ball 3-2: Foul Ball, location: 2F 3-2: Foul Ball, location: 2F 3-2: Foul Ball, location: 2F 3-2: Foul Ball, location: 2F 3-2: Foul Ball, location: 2F 3-2: Base on Balls Yuusei Narita to second
|
|
Batting: RHB Antonio Martinez
|
0-0: Ball 1-0: Swinging Strike Passed Ball! Yuusei Narita to third Kevin Davis to second 1-1: Ground out 3-1 (Groundball, 34, EV 78.8 MPH) Yuusei Narita scores Kevin Davis to third
|
|
Batting: RHB Victor Contreras
|
0-0: Ball 1-0: Foul Ball, location: 2F 1-1: Swinging Strike 1-2: Foul Ball, location: 2F 1-2: Ball 2-2: Ball 3-2: Base on Balls
|
|
Batting: LHB Justin Daley
|
0-0: Ball 1-0: Called Strike 1-1: 3-RUN HOME RUN (Flyball, 9LD, EV 90.6 MPH), Distance : 359 ft
|
|
Pinch Hitting: RHB Ricardo Ortiz
|
0-0: Fly out, F3 (Line Drive, 3L, EV 65.6 MPH)
|
| Top of the 9th over - 4 runs, 2 hits, 0 errors, 0 left on base; Calgary 18 - Joplin 1 |
| BOTTOM OF THE 9TH |
|
Joplin Blasters batting - Pitching for Calgary Flames : LHP Ricardo de la Torre
|
|
Now at 3B: Mike MacLeod
|
|
|
Now at SS: Justin Daley
|
|
|
Batting: RHB Paul Gibbens
|
0-0: Called Strike 0-1: Foul Ball, location: 2F 0-2: Foul Ball, location: 2F 0-2: Foul Ball, location: 2F 0-2: Foul Ball, location: 2F 0-2: Foul Ball, location: 2F 0-2: Ball 1-2: Foul Ball, location: 2F 1-2: Foul Ball, location: 2F 1-2: Ground out U3 (Groundball, 3L, EV 77.5 MPH)
|
|
Batting: RHB Ben Mills
|
0-0: Ball 1-0: Foul Ball, location: 2F 1-1: Swinging Strike 1-2: Foul Ball, location: 2F 1-2: Strikes out looking
|
|
Batting: RHB Itsuki Eguchi
|
0-0: Called Strike 0-1: Ball 1-1: Ball 2-1: Ball 3-1: Swinging Strike 3-2: Base on Balls
|
|
Batting: RHB Bobby Leon
|
0-0: Ball 1-0: Fly out, F9 (Line Drive, 89M, EV 93.1 MPH)
|
| Bottom of the 9th over - 0 runs, 0 hits, 0 errors, 1 left on base; Calgary 18 - Joplin 1 |
|